 Dungeon Crawl Stone Soup version 0.29.0-13-gc9e81de378 (webtiles) character file.

Game seed: 15152611074169611296

16 Artool the Ducker (level 2, 22/22 HPs)
             Began as a Demonspawn Gladiator on Sept 7, 2022.
             Was a Plaything of Xom.
             Quit the game on level 1 of the Dungeon.
             The game lasted 00:01:09 (676 turns).

Artool the Ducker (Demonspawn Gladiator)             Turns: 676, Time: 00:01:09

Health: 22/22      AC:  7    Str: 14    XL:     2   Next: 37%
Magic:  2/2        EV: 10    Int:  9    God:    Xom [..*...]
Gold:   30         SH:  0    Dex: 14    Spells: 1/1 levels left

rFire   . . .      SeeInvis .   a - +0 flail
rCold   . . .      Faith    .   (no shield)
rNeg    . . .      Spirit   .   k - +0 scale mail
rPois   .          Reflect  .   c - +0 helmet
rElec   .          Harm     .   (no cloak)
rCorr   .          Rampage  .   (no gloves)
Will    .....                   (no boots)
Stlth   ..........              (no amulet)
HPRegen 0.07/turn               (no ring)
MPRegen 0.08/turn               (no ring)

@: no status effects
A: powered by pain 1
a: Renounce Religion


You were on level 1 of the Dungeon.
You worshipped Xom.
You were a toy of Xom.
You visited 1 branch of the dungeon, and saw 1 of its levels.

You collected 30 gold pieces.

Inventory:

Hand Weapons
 a - a +0 flail (weapon)
Missiles
 d - 3 throwing nets (quivered)
 e - a javelin
Armour
 b - a +0 leather armour
 c - a +0 helmet (worn)
 k - a +0 scale mail (worn)
Jewellery
 f - a ring of magical power
 g - an amulet of regeneration
Scrolls
 i - a scroll of enchant weapon {unknown}
Potions
 h - 2 potions of attraction {unknown}
 j - a potion of curing {unknown}


   Skills:
 + Level 2.2 Fighting
 + Level 2.8 Maces & Flails
 - Level 2.0 Throwing
 + Level 0.5 Armour
 + Level 2.9 Dodging


You had one spell level left.
You didn't know any spells.
Your spell library was empty.

Dungeon Overview and Level Annotations

Branches:
Dungeon (1/15)

Altars:
Xom


Innate Abilities, Weirdness & Mutations

You sometimes gain a little power by taking damage.


Message History

You continue putting on your +0 scale mail. x5
You finish putting on your +0 scale mail.
A jackal comes into view.
The jackal barks!
A jackal comes into view.
You closely miss the jackal. The jackal bites you.
The jackal bites you but does no damage.
You closely miss the jackal.
The jackal bites you but does no damage.
The jackal closely misses you.
You closely miss the jackal. Your punch misses the jackal.
The jackal closely misses you.
You hit the jackal.
You kill the jackal!
You closely miss the jackal. The jackal bites you.
The jackal bites you but does no damage.
You miss the jackal. The jackal bites you. The jackal barely misses you.
You closely miss the jackal.
The jackal bites you but does no damage.
The jackal bites you.
You hit the jackal.
You kill the jackal!
No target in view!
No target in view!
Found a faded altar of an unknown god.
There is a fountain of clear blue water here.
A rat comes into view.
A rat is nearby!
The rat closely misses you.
You sock the rat!
You kill the rat!
No target in view!
There is a faded altar of an unknown god here.
You cannot tell which god this altar belongs to.
Convert to them anyway?
Uppercase [Y]es or [N]o only, please.
You cannot tell which god this altar belongs to.
Convert to them anyway?
Xom accepts your prayer! Xom welcomes you!
Xom is very intrigued!
Are you sure you want to abandon this character and quit the game? (Confirm with "yes".)

#######..##............
#..##.........##.
#................
#.###.###.###.### #.# #.#
#.# #.# .. #.###.# #.# #.#
....###########..# #.# #.#
........#⌠#⌠#⌠##.###.###.###
#....@................
###⌠#⌠#⌠##############
#######


There were no monsters in sight!

Vanquished Creatures
  2 bats (D:1)
  2 goblins (D:1)
  A hobgoblin (D:1)
  3 jackals (D:1)
  A kobold (D:1)
  A quokka (D:1)
  2 ball pythons (D:1)
  A frilled lizard (D:1)
  A rat (D:1)
14 creatures vanquished.

Notes
Turn   | Place    | Note
-------+----------+-------------------------------------------
     0 | D:1      | Artool the Demonspawn Gladiator began the quest for the
                  | Orb.
     0 | D:1      | Reached XP level 1. HP: 16/16 MP: 1/1
   241 | D:1      | Gained mutation: You sometimes gain a little power by
                  | taking damage. [demonic ancestry]
   241 | D:1      | Reached XP level 2. HP: 19/22 MP: 2/2
   658 | D:1      | Found a faded altar of an unknown god.
   675 | D:1      | Prayed at the altar of an unknown god.
   675 | D:1      | Became a worshipper of Xom of Chaos
   676 | D:1      | Quit the game

Illustrated notes

Levels and vault maps discovered:
D:1:      eino_arrival_water_star, layout_loops_ring,
          ebering_ecumenical_altar_hall

Skill      XL: |  1  2 |
---------------+-------+-----
Throwing       | 2 |  2.0
Fighting       | |  2.2
Maces & Flails | |  2.8
Armour         | |  0.5
Dodging        | |  2.9

Action                   || total
-------------------------++-------
Melee: Flail             ||    45
Armor: Leather armour    ||    13
       Scale mail        ||     4
Dodge: Dodged            ||    37
